 Dungeon Crawl Stone Soup version 0.30-a0-913-g9934a0c (webtiles) character file.

Game seed: 9008702043773359325

177 Dorkslayer the Trooper (level 5, -2/33 HPs)
             Began as a Gargoyle Fighter on Mar 19, 2023.
             Slain by a black bear (3 damage)
             ... on level 4 of the Dungeon.
             The game lasted 00:07:56 (3043 turns).

Dorkslayer the Trooper (Gargoyle Fighter)           Turns: 3043, Time: 00:07:56

Health: -2/33      AC: 15    Str: 21    XL:     5   Next: 57%
Magic:  14/14      EV:  8    Int:  9    God:
Gold:   215        SH:  4    Dex:  9    Spells: 4/4 levels left

rFire   . . .      SeeInvis .    a - +0 war axe
rCold   . . .      Faith    +    c - +0 buckler
rNeg    + . .      Spirit   .    x - +0 chain mail
rPois   ∞          Reflect  .    (no helmet)
rElec   +          Rampage  .    (no cloak)
rCorr   .                        (no gloves)
Will    .....                    p - +1 pair of boots Stlth
                                 g - amulet of faith
HPRegen 0.25/turn                v - ring of magical power
MPRegen 0.14/turn                r - ring of flight

@: flying
A: sickness immunity, AC +4, negative energy resistance 1, electricity
resistance, torment resistance 1, petrification resistance
a: no special abilities


You were on level 4 of the Dungeon.
You visited 1 branch of the dungeon, and saw 4 of its levels.

You collected 215 gold pieces.

Inventory:

Hand Weapons
 a - a +0 war axe (weapon)
Missiles
 b - 5 silver boomerangs (quivered)
Armour
 c - a +0 buckler (worn)
 p - a +1 pair of boots (worn)
 x - a +0 chain mail (worn)
Jewellery
 g - an amulet of faith (around neck)
 r - a ring of flight (right hand)
 v - a ring of magical power (left hand)
Wands
 s - a wand of mindburst (13)
 y - a wand of flame (12)
Scrolls
 h - a scroll of vulnerability {unknown}
 i - 3 scrolls of teleportation
 j - a scroll of enchant armour {unknown}
 o - a scroll of fear
Potions
 d - 2 potions of might
 e - a potion of brilliance
 f - a potion of ambrosia
 k - 2 potions of berserk rage {unknown}
 m - a potion of resistance {unknown}
 n - 2 potions of curing {unknown}
 q - a potion of cancellation {unknown}
 t - 2 potions of attraction
 u - a potion of heal wounds {unknown}
 w - a potion of haste {unknown}


   Skills:
 * Level 4.1 Fighting
 + Level 2.4 Axes
 + Level 4.0 Armour
 + Level 2.2 Dodging
 + Level 4.0 Shields
 * Level 0.0 Evocations


You had 4 spell levels left.
You didn't know any spells.
Your spell library contained the following spells:

 Spells                   Type           Power      Damage    Failure   Level
 Inner Flame              Hex/Fire       0%         N/A       100%        3
 Flame Wave               Conj/Fire      0%         2d4       100%        4
 Sticky Flame             Conj/Fire      0%         2d3       100%        4


Dungeon Overview and Level Annotations

Branches:
Dungeon (4/15)
 Temple: D:4-7

Altars:
Sif Muna


Innate Abilities, Weirdness & Mutations

You are immune to sickness and miasma.
Your stone body is resilient. (AC +4)
You are immune to poison.
You resist negative energy. (rN+)
You are resistant to electric shocks. (rElec)
You are resistant to unholy torment.
You are immune to petrification.


Message History

You slash the black bear!
The black bear is heavily wounded.
The black bear bites you but does no damage.
The black bear barely misses you. You block the black bear's attack.
The black bear bites you but does no damage.
The black bear barely misses you. The black bear claws you.
You slash the black bear!
The black bear is almost dead.
The black bear goes berserk!
You closely miss the black bear.
The black bear is severely wounded.
The black bear bites you but does no damage.
The black bear completely misses you. The black bear claws you.
The black bear closely misses you.
The black bear claws you but does no damage. x2
You hit the black bear.
The black bear is almost dead.
The black bear bites you but does no damage.
The black bear claws you but does no damage.
You block the black bear's attack.
The black bear bites you but does no damage.
The black bear claws you but does no damage. x2
You hit the black bear.
The black bear is almost dead.
The black bear bites you but does no damage.
The black bear claws you but does no damage.
The black bear claws you. You block the black bear's attack.
The black bear claws you but does no damage. x2
You barely miss the black bear.
The black bear is almost dead.
The black bear barely misses you.
The black bear claws you but does no damage.
You block the black bear's attack. The black bear bites you!
* * * LOW HITPOINT WARNING * * *
The black bear claws you but does no damage.
The black bear claws you.
* * * LOW HITPOINT WARNING * * *
The black bear bites you but does no damage.
The black bear claws you.
You die...

#...............
.#............... '.......
....... #....# ....#
###+####....###....##.
......#.....#.).............
......#.....#...............
.....#...h)'..............[
#...##...@##'##.#########.
#...########.##.###
#............>....#
#.................#
#.................#
#...........>.....#
#...##....##.####'#
#####...##>...##.####.####
.........#.....#....#....#


You could see a black bear (berserk).

Vanquished Creatures
  Ijyb (D:3)
  8 adders
  A gnoll (D:3)
  A worm (D:3)
  A dart slug (D:1)
  An orc (D:3)
  9 ball pythons
  3 bats
  11 endoplasms
  4 giant cockroaches
  4 goblins
  4 hobgoblins
  3 jackals (D:1)
  2 quokkas
  3 frilled lizards
  2 kobolds
  4 rats
62 creatures vanquished.

Vanquished Creatures (others)
  7 plants (D:1)
  10 withered plants (D:1)
17 creatures vanquished.

Grand Total: 79 creatures vanquished

Notes
Turn   | Place    | Note
-------+----------+-------------------------------------------
     0 | D:1      | Dorkslayer the Gargoyle Fighter began the quest for the
                  | Orb.
     0 | D:1      | Reached XP level 1. HP: 14/14 MP: 1/1
   217 | D:1      | Reached XP level 2. HP: 16/19 MP: 2/2
   242 | D:1      | Found a faded altar of an unknown god.
   671 | D:1      | Reached skill level 1 in Dodging
   794 | D:1      | Reached XP level 3. HP: 23/23 MP: 3/3
  1047 | D:2      | Found a shimmering blue altar of Sif Muna.
  1101 | D:2      | Reached XP level 4. HP: 26/29 MP: 4/4
  2212 | D:3      | Reached XP level 5. HP: 16/33 MP: 5/5
  2598 | D:3      | Noticed Ijyb
  2611 | D:3      | Killed Ijyb
  3034 | D:4      | Noticed a black bear
  3043 | D:4      | HP: 1/33 [black bear (4)]
  3043 | D:4      | Slain by a black bear

Illustrated notes

Levels and vault maps discovered:
D:1:      minmay_arrival_split_and_join, layout_rooms,
          shapermc_ecumenical_altar_flowoftime, serial_co_window_serial,
          co_window_of_opportunity_a, co_window_paths_a, co_window_paths_a,
          co_window_corner_a, co_window_cross_1, co_window_cross_1,
          co_window_paths_b, co_window_corner_cb, co_window_of_opportunity_b,
          co_window_broadway_b, co_window_corner_ca, glass_columns_b,
          glass_columns_b, glass_columns_b, minmay_crystal_room
D:2:      layout_basic, basic_altar, nicolae_eternal_life
D:3:      kennysheep_six_static_rooms, layout_basic, grunt_ministairs_15,
          uniq_ijyb
D:4:      layout_gridville, serial_shops, shop, uniq_menkaure, uniq_natasha

Skill      XL: |  1  2  3  4  5 |
---------------+----------------+-----
Axes           | 2 |  2.4
Dodging        | 1 2 |  2.2
Fighting       | 4 |  4.1
Shields        | 4 |  4.0
Armour         | 4 |  4.0

Action                     |  1- 3 |  4- 6 || total
---------------------------+-------+-------++-------
  Melee: War axe           |   103 |   146 ||   249
    Use: Scroll            |     1 |     7 ||     8
 Armour: Scale mail        |    68 |    65 ||   133
         Chain mail        |       |    40 ||    40
  Dodge: Dodged            |    48 |    54 ||   102
  Block: Buckler           |    20 |    33 ||    53

Table legend: (Time is in decaauts)
 A = Elapsed time spent in this place.
 B = Non-inter-level travel time spent in this place.
 C = Inter-level travel time spent in this place.
 D = Time resting spent in this place.
 E = Time spent auto-exploring this place.
 F = Levels seen in this place.
 G = Mean time per level.
                   A        B        C        D        E       F      G
               +--------+--------+--------+--------+--------+-----+--------+
         Total |   3147 |   3147 |      0 |      0 |   1380 |   4 |  786.8 |
       Dungeon |   3147 |   3147 |      0 |      0 |   1380 |   4 |  786.8 |
               +--------+--------+--------+--------+--------+-----+--------+

Top non-repeatable levels by time:
     D:2: 1000 daAuts
     D:3: 980 daAuts
     D:1: 908 daAuts
     D:4: 258 daAuts
